 Dungeon Crawl Stone Soup version 0.31-a0-236-g9a0961fb85 (webtiles) character file.

Game seed: 14621603655872209626

168 qw the Shooter (level 5, -2/31 HPs)
             Began as a Gargoyle Hexslinger on July 9, 2023.
             Was an Initiate of Okawaru.
             Killed by nerve-wracking pain
             ... invoked by Grinder
              (3 damage)
             ... on level 3 of the Dungeon.
             The game lasted 00:00:55 (2140 turns).

qw the Shooter (Gargoyle Hexslinger)                Turns: 2140, Time: 00:00:56

Health: -2/31      AC:  9    Str: 12    XL:     5   Next: 48%
Magic:  6/6        EV: 10    Int: 13    God:    Okawaru [......]
Gold:   54         SH:  0    Dex: 14    Spells: 5/6 levels left

rFire   + . .        Y - +2 sling
rCold   . . .        (no shield)
rNeg    + . .        e - +0 ring mail {rF+}
rPois   inf          (no helmet)
rElec   +            (no cloak)
rCorr   .            (no gloves)
SInv    .            (no boots)
Will    .....        (no amulet)
Stlth   +            (no ring)
HPRegen 0.25/turn    (no ring)
MPRegen 0.10/turn

%: no passive effects
@: no status effects
A: sickness immunity, AC +4, negative energy resistance 1, electricity
resistance, torment resistance 1, petrification resistance
a: Renounce Religion


You were on level 3 of the Dungeon.
You worshipped Okawaru.
Okawaru was noncommittal.
You visited 1 branch of the dungeon, and saw 3 of its levels.

You collected 98 gold pieces.
You spent 44 gold pieces at shops.


Innate Abilities, Weirdness & Mutations

You are immune to sickness and miasma.
Your stone body is resilient. (AC +4)
You are immune to poison.
You resist negative energy. (rN+)
You are resistant to electric shocks. (rElec)
You are resistant to unholy torment.
You are immune to petrification.


   Skills:
 + Level 2.3 Fighting
 - Level 5.0 Ranged Weapons
 - Level 1.0 Armour
 - Level 1.5 Dodging
 - Level 1.0 Spellcasting
 - Level 2.6 Hexes


You had 5 spell levels left.
You knew the following spells:

 Your Spells              Type           Power      Damage    Failure   Level
a - Slow                  Hex            28%        N/A       22%         1

Your spell library contained the following spells:

 Spells                   Type           Power      Damage    Failure   Level
 Inner Flame              Hex/Fire       4%         N/A       73%         3
 Portal Projectile        Hex/Tloc       8%         N/A       73%         3
 Cause Fear               Hex            3%         N/A       91%         4

Inventory:

Hand Weapons
 Y - a +2 sling (weapon)
Armour
 e - a +0 ring mail of fire resistance (worn)
Scrolls
 f - a scroll of identify
Potions
 b - a potion of curing
 c - a potion of haste
 d - a potion of enlightenment
 g - a potion of might
 h - a potion of lignification {unknown}
 i - a potion of cancellation {unknown}

Dungeon Overview and Level Annotations

Branches:
Dungeon (3/15)

Altars:
Okawaru

Shops:
D:3 ?

Annotations:
D:3 Grinder


Message History

Pain shoots through your body!
You shoot a sling bullet. The sling bullet hits Grinder.
Grinder is moderately wounded.
Grinder hits you but does no damage.
You shoot a sling bullet. The sling bullet hits Grinder.
Grinder is moderately wounded.
Grinder barely misses you.
You shoot a sling bullet.
The sling bullet closely misses Grinder.
Grinder hits you but does no damage. Grinder gestures at you.
Pain shoots through your body!
You shoot a sling bullet.
The sling bullet closely misses Grinder.
Grinder gestures at you.
You barely resist. You shoot a sling bullet.
The sling bullet barely misses Grinder.
Grinder hits you.
You writhe in agony.
You shoot a sling bullet.
The sling bullet hits Grinder but does no damage.
Grinder is moderately wounded.
Grinder hits you!
You writhe in agony.
You shoot a sling bullet. The sling bullet hits Grinder.
Grinder is heavily wounded.
Grinder hits you but does no damage. x2
You shoot a sling bullet.
The sling bullet completely misses Grinder.
Grinder closely misses you.
You shoot a sling bullet. The sling bullet barely misses Grinder.
Grinder hits you.
You shoot a sling bullet. The sling bullet barely misses Grinder.
Grinder blinks!
You shoot a sling bullet.
The sling bullet closely misses Grinder.
Grinder hits you. x2; You writhe in agony.
You shoot a sling bullet. The sling bullet hits Grinder.
Grinder is heavily wounded.
Grinder gestures at you. Pain shoots through your body!
You die...

#.###..# #.<....###.....
#.###..# #..............
#......# #.......##.##.#
#####.#####.......##.##..
#....##.......##.####
####.##.......##.....
#.##.......#####..
#5##.......# #.#
#@########## #.# ##ยค####
#.# .....# #.#
##.##.###### #.#
#.##%##[..# #.#
#.........######.#
####.##........).#
#.#####.#############
#.......#


You could see Grinder.

Vanquished Creatures
  Natasha (thrice) (D:2)
  2 adders
  A worm (D:3)
  3 dart slugs (D:1)
  10 orcs
  A bat (D:3)
  3 endoplasms
  2 giant cockroaches
  4 goblins
  5 hobgoblins
  2 jackals (D:3)
  4 kobolds
  2 quokkas
  7 ball pythons
  5 frilled lizards
  5 rats
59 creatures vanquished.

Notes
Turn   | Place    | Note
-------+----------+-------------------------------------------
     0 | D:1      | qw the Gargoyle Hexslinger began the quest for the Orb.
     0 | D:1      | Reached XP level 1. HP: 12/12 MP: 2/2
     0 | D:1      | 0 ||| qw: Version: 0.3-a-51-g015441d
     0 | D:1      | 0 ||| qw: Game counter: 4420
     0 | D:1      | 0 ||| qw: Melee chars always use a shield: true
     0 | D:1      | 0 ||| qw: God list: Okawaru
     0 | D:1      | 0 ||| qw: Allow faded altars: false
     0 | D:1      | 0 ||| qw: Do Orc after clearing Dungeon:15 true
     0 | D:1      | 0 ||| qw: Do second Lair branch before Depths: true
     0 | D:1      | 0 ||| qw: Lair rune preference: random
     0 | D:1      | 0 ||| qw: Goals: Normal
     0 | D:1      | 0 ||| PLANNING D:1-11
   155 | D:1      | Reached XP level 2. HP: 16/16 MP: 3/3
   308 | D:1      | Reached skill level 3 in Ranged Weapons
   565 | D:1      | Reached XP level 3. HP: 21/21 MP: 4/4
   691 | D:1      | 691 ||| READING scroll labelled QOZACE SAPP.
   696 | D:1      | 696 ||| READING scroll labelled DUDDUMIRHUNN.
   697 | D:1      | 697 ||| READING 2 scrolls labelled DEAJ TARGHUXT.
   698 | D:1      | 698 ||| DROPPING scroll of poison.
   877 | D:2      | Noticed Natasha
   880 | D:2      | 880 ||| FLEEEEING.
   881 | D:2      | 881 ||| FLEEEEING.
   882 | D:2      | 882 ||| FLEEEEING.
   883 | D:2      | 883 ||| FLEEEEING.
   889 | D:2      | Killed Natasha
   890 | D:2      | Reached XP level 4. HP: 14/26 MP: 5/5
   950 | D:2      | Reached skill level 4 in Ranged Weapons
   966 | D:2      | Noticed Natasha
   976 | D:2      | Killed Natasha
  1187 | D:2      | Noticed Natasha
  1193 | D:2      | Killed Natasha
  1194 | D:2      | Reached XP level 5. HP: 30/30 MP: 6/6
  1327 | D:2      | 1327 ||| UPGRADING to +0 ring mail of fire resistance.
  1337 | D:2      | 1337 ||| DROPPING +0 robe.
  1338 | D:2      | 1338 ||| READING 3 scrolls of identify.
  1338 | D:2      | 1338 ||| IDENTIFYING bubbling brown potion
  1339 | D:2      | 1339 ||| READING 2 scrolls of identify.
  1339 | D:2      | 1339 ||| IDENTIFYING viscous red potion
  1467 | D:3      | Reached skill level 1 in Armour
  1478 | D:3      | Found Huciehunk's Magic Scroll Emporium.
  1480 | D:3      | Reached skill level 5 in Ranged Weapons
  1484 | D:3      | 1484 ||| SHOPLISTING scroll of enchant armour (82 gold,
                  | have 70).
  1484 | D:3      | 1484 ||| SHOPLISTING scroll of enchant weapon (82 gold,
                  | have 70).
  1484 | D:3      | 1484 ||| BUYING scroll of identify (22 gold).
  1484 | D:3      | Bought a scroll of identify for 22 gold pieces
  1484 | D:3      | 1484 ||| BUYING scroll of identify (22 gold).
  1484 | D:3      | Bought a scroll of identify for 22 gold pieces
  1484 | D:3      | 1484 ||| SHOPLISTING scroll of teleportation (33 gold, have
                  | 26).
  1830 | D:3      | Noticed Grinder
  1835 | D:3      | Paralysed by Grinder for 4 turns
  1841 | D:3      | HP: 7/31 [Grinder/nerve-wracking pain (7)]
  1842 | D:3      | 1842 ||| READING scroll of teleportation.
  1842 | D:3      | Paralysed by Grinder for 2 turns
  1845 | D:3      | 1845 ||| FLEEEEING.
  1981 | D:3      | Found an iron altar of Okawaru.
  1982 | D:3      | 1982 ||| PLANNING OKAWARU WORSHIP
  1982 | D:3      | 1982 ||| READING 3 scrolls of identify.
  1982 | D:3      | 1982 ||| IDENTIFYING golden potion
  1983 | D:3      | 1983 ||| READING 2 scrolls of identify.
  1983 | D:3      | 1983 ||| IDENTIFYING pink potion
  1992 | D:3      | Became a worshipper of Warmaster Okawaru
  1993 | D:3      | 1993 ||| PLANNING D:1-11
  2121 | D:3      | Paralysed by Grinder for 5 turns
  2139 | D:3      | HP: 7/31 [Grinder (4)]
  2139 | D:3      | HP: 2/31 [Grinder (5)]
  2140 | D:3      | Killed from afar by Grinder

Levels and vault maps discovered:
D:1:      evilmike_arrival_plus, layout_basic, st_stairs_4
D:2:      minmay_door_path, layout_rooms, uniq_natasha
D:3:      layout_loops_cross, overflow_temple_1_default, serial_shops,
          nicolae_shop_hallway_plus, eino_tiny_chamber, uniq_grinder

Skill      XL: |  1  2  3  4  5 |
---------------+----------------+-----
Ranged Weapons | 3 4 5 |  5.0
Fighting       | 2 |  2.3
Armour         | 1 |  1.0
Dodging        | |  1.5
Spellcasting   | |  1.0
Hexes          | |  2.6

Action                     |  1- 3 |  4- 6 || total
---------------------------+-------+-------++-------
   Fire: Sling             |    86 |   146 ||   232
    Use: Scroll            |     3 |     5 ||     8
 Armour: Robe              |     7 |     8 ||    15
         Ring mail         |       |    29 ||    29
  Dodge: Dodged            |    17 |    44 ||    61

Table legend:
 A = Non-vault XP
 B = Vault XP
 C = Vault XP percentage of total XP
 D = Non-vault monster count
 E = Vault monster count
 F = Vault count percentage of total count
                 A         B        C        D         E       F
            +---------+---------+-------+---------+---------+-------
      Total |     196 |      44 |  18.3 |      52 |       7 |  11.9
            +---------+---------+-------+---------+---------+-------
        D:1 |      33 |       2 |   5.7 |      17 |       1 |   5.6
        D:2 |     116 |      42 |  26.6 |      19 |       6 |  24.0
        D:3 |      47 |       0 |   0.0 |      16 |       0 |   0.0
            +---------+---------+-------+---------+---------+-------
